Map: Cactus Valley LE (Void)

Players

Kashim

  • Race: Zerg Zerg
  • Spawn Location: 5:00

Matrix - Winner!

  • Race: Protoss Protoss
  • Spawn Location: 11:00

Event: IEM XI Katowice - World Championship 2017

VOD

Have the link to the VOD?

Description

Time

  • Played on: Feb. 27, 2017, 4:04 a.m.
  • Length: 19:57

All games in this series

Show
View Real Time Build Order
Export as new Build Order

Kashim Zerg 

Build Orders: Hatch First 

Get SALT Encoding   

  12  0:01  Drone  
  13  0:15  Overlord  
  13  0:20  Drone  
  14  0:33  Drone x2  
  16  0:38  Drone  
  17  0:58  Hatchery  
  17  1:02  Drone x2  
  18  1:05  Extractor  
  17  1:16  Spawning Pool  
  16  1:19  Drone  
  16  1:22  Drone  
  18  1:36  Drone  
  19  1:42  Overlord  
  19  1:52  Drone  
  20  2:03  Queen  
  20  2:05  Metabolic Boost  
  20  2:08  Zergling x2  
  23  2:10  Queen  
  23  2:12  Drone  
  26  2:17  Drone  
  27  2:27  Drone x2  
  29  2:32  Drone  
  30  2:45  Queen  
  32  2:54  Hatchery  
  31  3:01  Drone x2  
  31  3:02  Drone x2  
  35  3:06  Overlord  
  35  3:13  Drone  
  36  3:25  Drone  
  36  3:26  Drone x6  
  42  3:31  Lair  
  42  3:35  Extractor  
  42  3:36  Zergling x2  
  42  3:37  Zergling x2  
  42  3:39  Zergling x2  
  44  3:46  Overlord  
  44  3:51  Extractor  
  43  4:00  Overlord x2  
  43  4:05  Overlord  
  43  4:06  Drone  
  43  4:09  Drone  
  46  4:10  Drone x2  
  46  4:11  Drone x2  
  49  4:18  Queen  
  51  4:24  Drone x2  
  51  4:27  Evolution Chamber  
  51  4:32  Drone x3  
  51  4:33  Overlord, Hydralisk Den  
  51  4:35  Drone x2  
  53  4:40  Overseer  
  53  4:43  Overseer  
  53  4:48  Zergling x2  
  53  4:49  Zergling x8  
  58  4:56  Zerg Missile Weapons Level 1  
  58  5:02  Hydralisk  
  58  5:03  Hydralisk x3  
  66  5:12  Muscular Augments  
  66  5:15  Drone x5  
  66  5:16  Drone  
  66  5:18  Extractor  
  71  5:34  Hydralisk x2  
  71  5:35  Hydralisk  
  77  5:38  Overlord x3  
  77  5:41  Drone x2  
  77  5:42  Drone  
  80  5:45  Drone x2  
  80  5:47  Overlord  
  82  5:57  Hydralisk x4  
  82  6:03  Hydralisk  
  92  6:06  Hydralisk  
  92  6:10  Drone x3  
  92  6:11  Extractor  
  96  6:13  Drone x3  
  96  6:14  Extractor  
  96  6:15  Hydralisk x2  
  102  6:23  Zergling x12  
  108  6:33  Hydralisk x3  
  108  6:36  Overlord  
  114  6:50  Overlord x3  
  114  6:55  Hydralisk x4  
  122  7:03  Overlord x3  
  122  7:05  Zerg Ground Armor Level 1  
  122  7:09  Hydralisk x2  
  124  7:22  Hydralisk x5  
  128  7:30  Spire  
  128  7:31  Hydralisk  
  128  7:33  Zergling x2  
  128  7:34  Zergling x2  
  131  7:42  Zergling x12  
  135  7:49  Hydralisk x2  
  135  7:50  Hydralisk  
  141  7:53  Overlord  
  134  7:59  Hydralisk x2  
  120  8:09  Hydralisk  
  120  8:10  Hydralisk x3  
  99  8:20  Hydralisk  
  99  8:21  Hydralisk x3  
  103  8:30  Hydralisk  
  100  8:37  Zergling x8  
  100  8:45  Drone x5  
  100  8:47  Hatchery  
  104  8:55  Hydralisk x4  
  106  8:57  Zergling x2  
  106  8:58  Zergling x2  
  114  9:05  Hydralisk  
  114  9:06  Hydralisk x2  
  114  9:08  Zergling x4  
  122  9:16  Hydralisk x3  
  126  9:26  Corruptor x2  
  126  9:27  Infestation Pit  
  126  9:30  Drone x2  
  126  9:31  Drone  
  132  9:41  Corruptor x2  
  132  9:42  Corruptor  
  138  9:45  Corruptor  
  138  9:52  Extractor  
  139  9:53  Zerg Missile Weapons Level 2  
  139  9:56  Corruptor, Extractor  
  134  10:10  Hydralisk x5  
  134  10:11  Hydralisk  
  130  10:15  Zergling x2  
  130  10:16  Zergling x6  
  134  10:22  Corruptor  
  134  10:24  Zergling x2  
  137  10:30  Baneling Nest  
  137  10:31  Corruptor  
  137  10:33  Zergling x2  
  137  10:34  Zergling x2  
  140  10:37  Corruptor  
  140  10:41  Zergling x2  
  140  10:42  Zergling x4  
  145  10:50  Neural Parasite  
  145  10:51  Infestor x2  
  149  10:59  Infestor  
  149  11:04  Zergling x22  
  152  11:05  Zergling x2  
  163  11:15  Centrifical Hooks  
  163  11:18  Zergling x14  
  167  11:21  Baneling x5  
  167  11:22  Baneling  
  167  11:23  Baneling x2  
  148  11:42  Zergling x10  
  148  11:43  Zergling x14  
  134  11:48  Zergling x2  
  134  11:49  Zergling x12  
  134  11:50  Zergling x2  
  123  11:57  Hydralisk  
  123  11:58  Hydralisk x2  
  119  12:06  Burrow  
  117  12:20  Zergling x2  
  117  12:21  Zergling x20  
  128  12:28  Zerg Flyer Weapons Level 1  
  126  12:49  Hydralisk x5  
  118  12:59  Roach Warren  
  118  13:00  Hatchery  
  118  13:02  Queen  
  118  13:05  Infestor x2  
  114  13:06  Infestor  
  114  13:07  Zergling x2  
  114  13:10  Hydralisk  
  123  13:13  Baneling x2  
  123  13:14  Baneling x3  
  123  13:15  Baneling x2  
  123  13:24  Infestor  
  123  13:25  Infestor x2  
  129  13:29  Baneling x4  
  129  13:30  Baneling x5  
  129  13:35  Zerg Melee Weapons Level 1  
  129  13:39  Hive  
  113  14:01  Hydralisk x7  
  111  14:12  Hydralisk x2  
  111  14:13  Hydralisk x2  
  119  14:22  Hydralisk  
  119  14:23  Hydralisk x2  
  125  14:32  Hydralisk x3  
  125  14:35  Zergling x6  
  134  14:47  Hydralisk, Overlord  
  134  14:48  Hydralisk x2  
  134  14:50  Zergling x4  
  142  14:54  Overseer  
  142  15:01  Hydralisk  
  142  15:02  Hydralisk x2  
  142  15:04  Zergling x4  
  150  15:16  Hydralisk  
  150  15:17  Hydralisk x3  
  155  15:31  Hydralisk x5  
  165  15:37  Zerg Missile Weapons Level 3  
  165  15:47  Corruptor  
  165  15:48  Corruptor  
  169  15:52  Hydralisk x2  
  169  15:54  Drone  
  169  15:56  Zergling x2  
  169  15:57  Zergling x4  
  175  16:08  Infestor  
  175  16:09  Infestor x2  
  178  16:31  Extractor  
  128  16:43  Hydralisk x12  
  122  17:03  Infestor x4  
  128  17:11  Zergling x2  
  128  17:12  Zergling x20  
  131  17:23  Pathogen Glands  
  131  17:27  Infestor  
  133  17:31  Drone  
  133  17:32  Extractor, Drone x2  
  133  17:33  Hydralisk x2  
  133  17:34  Hydralisk  
  141  17:38  Hydralisk  
  141  17:40  Zergling x4  
  141  17:41  Zergling x4  
  147  17:44  Overseer x2  
  144  17:52  Hydralisk x3  
  145  17:58  Zergling x2  
  145  17:59  Zergling x8  
  142  18:10  Zergling x14  
  142  18:19  Hydralisk x3  
  132  18:29  Overseer x3  
  120  18:41  Hydralisk x2  
  120  18:42  Hydralisk  
  120  18:45  Drone  
  120  18:48  Infestor  
  127  18:49  Hatchery  
  128  18:57  Hydralisk x2  
  132  19:03  Hydralisk  
  132  19:04  Hydralisk  
  132  19:07  Hydralisk  
  138  19:31  Hydralisk, Extractor  
  138  19:32  Extractor  
Show
View Real Time Build Order
Export as new Build Order

Matrix Protoss - Winner!

Build Orders: 1 Gate Expand 

Get SALT Encoding   

  12  0:01  Probe (Chrono Boost)  
  13  0:11  Probe (Chrono Boost)  
  14  0:21  Pylon  
  14  0:22  Probe (Chrono Boost)  
  15  0:39  Probe (Chrono Boost)  
  16  0:44  Gateway  
  16  0:49  Assimilator, Probe (Chrono Boost)  
  17  1:00  Probe (Chrono Boost)  
  18  1:11  Probe (Chrono Boost)  
  19  1:26  Nexus  
  19  1:35  Cybernetics Core  
  19  1:41  Probe (Chrono Boost)  
  19  1:44  Assimilator  
  20  1:52  Pylon  
  20  1:53  Probe (Chrono Boost)  
  21  2:00  Zealot  
  23  2:10  Probe (Chrono Boost)  
  24  2:21  Probe (Chrono Boost)  
  25  2:23  Warp Gate  
  25  2:27  Adept  
  27  2:32  Mothership Core (Chrono Boost)  
  29  2:38  Probe (Chrono Boost)  
  30  2:48  Probe (Chrono Boost)  
  30  2:50  Probe (Chrono Boost)  
  32  2:54  Adept  
  34  2:59  Probe (Chrono Boost)  
  34  3:04  Probe (Chrono Boost)  
  36  3:08  Pylon  
  36  3:09  Probe (Chrono Boost)  
  36  3:14  Probe (Chrono Boost)  
  38  3:20  Probe (Chrono Boost)  
  38  3:25  Probe (Chrono Boost)  
  39  3:30  Pylon, Probe (Chrono Boost)  
  40  3:35  Probe (Chrono Boost)  
  40  3:36  Stargate  
  40  3:39  Stargate  
  40  3:41  Probe (Chrono Boost)  
  42  3:46  Probe (Chrono Boost)  
  43  3:49  Assimilator  
  43  3:51  Probe (Chrono Boost)  
  43  3:52  Assimilator  
  44  3:56  Probe (Chrono Boost)  
  44  3:57  Pylon  
  45  4:04  Probe (Chrono Boost)  
  45  4:07  Probe (Chrono Boost)  
  47  4:10  Adept  
  47  4:15  Probe (Chrono Boost)  
  50  4:30  Probe x2 (Chrono Boost)  
  52  4:39  Void Ray x2  
  52  4:41  Probe (Chrono Boost)  
  52  4:43  Pylon  
  62  4:45  Probe (Chrono Boost)  
  62  4:51  Probe (Chrono Boost)  
  63  4:54  Stalker  
  63  4:56  Probe (Chrono Boost)  
  66  5:02  Gateway x2  
  66  5:04  Gateway  
  66  5:09  Pylon, Probe x2 (Chrono Boost)  
  68  5:19  Probe x2 (Chrono Boost)  
  70  5:22  Void Ray x2  
  78  5:41  Probe x2 (Chrono Boost)  
  80  5:45  Nexus  
  80  5:48  Pylon  
  80  5:57  Fleet Beacon  
  80  6:05  Probe x2 (Chrono Boost)  
  80  6:07  Void Ray  
  80  6:10  Adept  
  88  6:15  Pylon, Probe (Chrono Boost)  
  88  6:17  Pylon  
  89  6:24  Pylon  
  89  6:26  Void Ray  
  89  6:28  Probe (Chrono Boost)  
  94  6:33  Probe (Chrono Boost)  
  94  6:35  Pylon  
  95  6:40  Pylon  
  95  6:46  Gateway  
  95  6:48  Gateway  
  95  6:50  Graviton Catapult  
  95  6:52  Probe (Chrono Boost)  
  96  6:54  Probe (Chrono Boost)  
  97  7:01  Adept  
  97  7:02  Adept x2  
  103  7:12  Robotics Facility  
  99  7:22  Adept  
  91  7:23  Adept x3  
  91  7:26  Void Ray  
  100  7:44  Adept x5  
  100  7:46  Carrier  
  116  7:57  Pylon  
  108  7:59  Pylon  
  108  8:01  Adept  
  108  8:05  Adept x2  
  90  8:06  Adept x3  
  84  8:16  Void Ray  
  82  8:23  Adept  
  76  8:29  Mothership Core (Chrono Boost)  
  76  8:30  Adept x4  
  80  8:39  Adept  
  80  8:45  Adept  
  82  8:53  Carrier  
  82  8:58  Gateway  
  82  8:59  Adept, Gateway  
  82  9:00  Adept x2  
  94  9:06  Twilight Council  
  94  9:22  Carrier  
  94  9:23  Adept x5  
  104  9:29  Resonating Glaives  
  104  9:36  Assimilator  
  104  9:37  Probe (Chrono Boost)  
  104  9:38  Probe x2 (Chrono Boost)  
  113  9:39  Assimilator  
  113  9:46  Adept x2  
  113  9:49  Probe (Chrono Boost)  
  118  9:59  Probe (Chrono Boost)  
  111  10:20  Gateway  
  111  10:22  Carrier  
  111  10:23  Stargate  
  111  10:25  Adept  
  111  10:26  Adept x5  
  125  10:29  Probe (Chrono Boost)  
  125  10:30  Probe (Chrono Boost)  
  131  10:38  Stargate  
  131  10:47  Adept  
  131  10:48  Adept x4  
  141  11:05  Protoss Air Weapons Level 1  
  141  11:43  Carrier  
  109  11:48  Adept  
  109  11:49  Adept x6  
  109  11:50  Adept x2  
  101  11:55  Carrier  
  93  12:08  Pylon  
  93  12:10  Pylon  
  93  12:14  Carrier  
  95  12:23  Nexus  
  95  12:26  Mothership Core (Chrono Boost)  
  95  12:27  Pylon  
  101  12:33  Pylon  
  101  12:44  Adept x4  
  103  12:45  Adept x4  
  107  13:01  Carrier  
  107  13:05  Adept x2  
  111  13:09  Carrier  
  117  13:17  Adept  
  117  13:18  Adept x3  
  131  13:32  Stalker  
  131  13:33  Carrier, Stalker  
  121  13:56  Adept  
  121  13:57  Adept x3  
  119  14:03  Stalker  
  119  14:04  Stalker  
  117  14:11  Mothership Core (Chrono Boost)  
  117  14:13  Assimilator  
  117  14:16  Observer  
  120  14:17  Assimilator  
  120  14:20  Probe x2 (Chrono Boost)  
  120  14:22  Carrier, Adept x2  
  120  14:23  Adept  
  128  14:32  Forge  
  134  14:49  Carrier  
  134  14:50  Adept  
  134  14:51  Stalker x4  
  149  15:22  Carrier  
  149  15:33  Nexus  
  155  15:36  Pylon  
  155  15:38  Pylon  
  155  15:39  Protoss Ground Weapons Level 1  
  155  15:40  Protoss Air Weapons Level 2  
  155  15:48  Adept  
  155  15:49  Adept x4  
  163  15:57  Photon Cannon  
  163  16:00  Photon Cannon  
  163  16:01  Carrier, Photon Cannon  
  163  16:04  Photon Cannon  
  165  16:22  Probe (Chrono Boost)  
  165  16:23  Probe (Chrono Boost)  
  165  16:24  Carrier, Probe (Chrono Boost)  
  161  16:38  Adept x4  
  149  16:49  Carrier  
  153  17:15  Observer  
  150  17:33  Carrier  
  150  17:37  Observer  
  150  17:40  Nexus  
  150  17:43  Pylon  
  151  17:45  Pylon  
  131  18:32  Adept  
  131  18:33  Adept x5  
  143  18:36  Assimilator  
  143  18:42  Assimilator  
  143  18:45  Pylon  
  143  18:58  Adept x4  
  143  18:59  Adept x3  

Tags
 
Add a new tag
Caveats
  • Supply blocks, unpowered buildings, or Contaminate may cause inaccurate times.
  • Supply counts are checked every 10 seconds.